 Dungeon Crawl Stone Soup version 0.24.0-13-gcf9b319 (webtiles) character file.

Game seed: 305916836664928849, levelgen mode: deterministic

539 hyperhelicomatic the Cutter (level 7, 0/40 HPs)
             Began as a Deep Elf Skald on Nov 14, 2019.
             Was an Initiate of Okawaru.
             Slain by a water moccasin (5 damage)
             ... on level 5 of the Dungeon.
             The game lasted 00:26:17 (4668 turns).

hyperhelicomatic the Cutter (Deep Elf Skald)        Turns: 4668, Time: 00:26:17

Health: 0/40       AC:  9    Str: 14    XL:     7   Next: 5%
Magic:  10/13      EV: 12    Int: 18    God:    Okawaru [......]
Gold:   287        SH:  0    Dex: 14    Spells: 1/12 levels left

rFire    + + +     SeeInvis .   a - +0 short sword
rCold    . . .     Gourm    .   (no shield)
rNeg     . . .     Faith    .   u - +0 ring mail {rF+}
rPois    .         Spirit   .   k - +2 helmet of the Crypt {rF+}
rElec    .         Reflect  .   (no cloak)
rCorr    .         Harm     .   (no gloves)
MR       .....                  h - +0 pair of boots
Stlth    +.........             (no amulet)
HPRegen  0.13/turn              z - ring of protection from fire
MPRegen  0.13/turn              w - +4 ring of strength

@: lethally poisoned (0 -> -12), very slightly contaminated
A: no striking features
a: Renounce Religion


You were on level 5 of the Dungeon.
You worshipped Okawaru.
Okawaru was noncommittal.
You were hungry.

You visited 2 branches of the dungeon, and saw 6 of its levels.

You collected 287 gold pieces.

Inventory:

Hand Weapons
 a - a +0 short sword (weapon)
Missiles
 d - 72 stones
 e - a boomerang (quivered)
Armour
 b - a +0 leather armour
 h - a +0 pair of boots (worn)
 k - the +2 helmet of the Crypt (worn) {rF+}
   (You took it off Robin on level 2 of the Dungeon)

   It protects you from fire.
 m - a +0 ring mail
 u - a +0 ring mail of fire resistance (worn)
Jewellery
 v - an uncursed ring of protection from cold
 w - a +4 ring of strength (right hand)
 z - a ring of protection from fire (left hand)
 A - an uncursed ring of protection from cold
Scrolls
 f - 2 scrolls of identify
 i - a scroll of magic mapping {unknown}
 j - 3 scrolls of remove curse
 l - 3 scrolls of enchant weapon {unknown}
 o - a scroll of fog {unknown}
 p - 3 scrolls of teleportation {unknown}
 q - 2 scrolls of enchant armour {unknown}
 r - a scroll of immolation {unknown}
 t - 4 scrolls of amnesia {unknown}
 y - a scroll of random uselessness {unknown}
Comestibles
 c - 7 rations
 B - 3 chunks of flesh


   Skills:
 + Level 2.2 Fighting
 + Level 5.9 Short Blades
 + Level 3.0 Throwing
 - Level 0.7 Armour
 + Level 3.5 Dodging
 - Level 1.0 Stealth
 - Level 3.0 Spellcasting
 + Level 5.1 Charms


You had one spell level left.
You knew the following spells:

 Your Spells              Type           Power        Failure   Level  Hunger
a - Infusion              Chrm           ###.         4%          1    None
b - Song of Slaying       Chrm           ###.....     6%          2    ##.....
c - Shroud of Golubria    Chrm/Tloc      ##....       19%         2    ##.....
d - Regeneration          Chrm/Necr      ##........   34%         3    ###....
e - Spectral Weapon       Hex/Chrm       ##......     34%         3    ###....

Your spell library contained the following spells:

 Spells                   Type           Power        Failure   Level  Hunger
 Summon Small Mammal      Summ           #...         32%         1    None
 Call Imp                 Summ           #.......     45%         2    ##.....
 Call Canine Familiar     Summ           #.......     69%         3    ###....
 Summon Guardian Golem    Hex/Summ       #.......     69%         3    ###....
 Summon Ice Beast         Ice/Summ       #.......     97%         4    ####...
 Summon Lightning Spire   Summ/Air       #.......     97%         4    ####...


Dungeon Overview and Level Annotations

Branches:
Dungeon (5/15)             Temple (1/1) D:4

Altars:
Ashenzari
Fedhas
Gozag
Kikubaaqudgha
Makhleb
Nemelex Xobeh
Okawaru
Qazlal
Ru
Sif Muna
Wu Jian
The Shining One


Message History

* * * LOW HITPOINT WARNING * * *
You feel sick. The jackal barely misses you.
The water moccasin barely misses you.
You hit the jackal but do no damage.
* * * LOW HITPOINT WARNING * * *
You feel sick.
The jackal bites you but does no damage.
The water moccasin closely misses you.
Casting: Infusion (safe; 4% risk of failure)
Confirm with . or Enter, or press ? or * to list all spells.
You miscast Regeneration.
You are very lightly contaminated with residual magic.
Multicoloured lights dance before your eyes!
* * * LOW HITPOINT WARNING * * *
You feel sick. The jackal barely misses you. The water moccasin bites you.
* * * LOW HITPOINT WARNING * * *
You closely miss the jackal.
* * * LOW HITPOINT WARNING * * *
You feel sick. The jackal barely misses you. The water moccasin bites you.
You die...

####.##########
.........(....#
......#.###.#.#
###.....# #...# #
#.#.#.###..#.### #
#.#.#.....###..
#.#.######.#.### #
#.#.#######(####.###
#.#.....(...hh@S...#
########.###.#.# #.#
# #.# ... ..# #.##
#.


You could see a water moccasin and 2 jackals.

Vanquished Creatures
  Sigmund (D:5)
  A crimson imp (D:5)
  An orc priest (D:3)
  Jessica (D:3)
  A worker ant (D:5)
  Terence (D:5)
  Natasha (thrice) (D:2)
  Robin (D:2)
  5 adders
  2 oozes
  An adder skeleton (D:4)
  An adder zombie (D:5)
  A worm (D:4)
  2 dart slugs (D:4)
  2 leopard geckos
  3 orcs
  4 giant cockroaches
  15 goblins
  10 hobgoblins
  3 jackals
  5 kobolds
  3 quokkas (D:2)
  10 bats
  7 frilled lizards
  9 rats
93 creatures vanquished.

Notes
Turn   | Place    | Note
-------+----------+-------------------------------------------
     0 | D:1      | hyperhelicomatic the Deep Elf Skald began the quest for the
                  | Orb.
     0 | D:1      | Reached XP level 1. HP: 12/12 MP: 6/6
   312 | D:1      | Reached skill level 1 in Throwing
   312 | D:1      | Reached XP level 2. HP: 16/16 MP: 5/8
   978 | D:2      | Reached XP level 3. HP: 20/20 MP: 9/9
  1010 | D:2      | Noticed Natasha
  1015 | D:2      | Killed Natasha
  1157 | D:2      | Reached XP level 4. HP: 25/25 MP: 6/10
  1312 | D:2      | Noticed Natasha
  1322 | D:2      | Killed Natasha
  1810 | D:2      | Noticed Natasha
  1819 | D:2      | Killed Natasha
  1819 | D:2      | Reached XP level 5. HP: 19/29 MP: 4/11
  1866 | D:2      | Identified the +2 helmet of the Crypt {rF+}
  1866 | D:2      | Noticed Robin
  1894 | D:2      | Killed Robin
  2346 | D:3      | HP: 1/29 [orc priest/divine providence (15)]
  2831 | D:3      | Reached skill level 5 in Short Blades
  2874 | D:3      | Noticed Jessica
  3025 | D:3      | Noticed Terence
  3314 | D:3      | Killed Jessica
  3745 | D:4      | Reached skill level 1 in Stealth
  3762 | D:4      | Found a staircase to the Ecumenical Temple.
  3770 | Temple   | Entered the Ecumenical Temple
  3921 | Temple   | Became a worshipper of Warmaster Okawaru
  3989 | D:4      | Reached XP level 6. HP: 34/34 MP: 12/12
  3993 | D:4      | Learned a level 2 spell: Song of Slaying
  3996 | D:4      | Learned a level 2 spell: Shroud of Golubria
  4000 | D:4      | Learned a level 3 spell: Regeneration
  4331 | D:5      | Entered Level 5 of the Dungeon
  4347 | D:5      | Learned a level 3 spell: Spectral Weapon
  4522 | D:5      | Noticed Sigmund
  4532 | D:5      | Killed Sigmund
  4573 | D:5      | Reached skill level 5 in Charms
  4607 | D:5      | Reached XP level 7. HP: 40/40 MP: 13/13
  4635 | D:5      | Killed Terence
  4668 | D:5      | Slain by a water moccasin

Levels and vault maps discovered:
D:1:      shiori_arrival_elements, layout_basic
D:2:      layout_loops_ring, uniq_natasha, uniq_robin
D:3:      layout_loops_ring, first_ration, uniq_jessica, uniq_terence
D:4:      layout_rooms, minmay_temple_entry_mini_moons, glass_columns_b,
          serial_park_tiny_1
D:5:      layout_loops_ring, uniq_sigmund
Temple:   nicolae_temple_hex_pool

Skill      XL: |  1  2  3  4  5  6 |
---------------+-------------------+-----
Throwing       | 1 2 3 |  3.0
Short Blades   | 3 4 5 |  5.9
Stealth        | 1 |  1.0
Fighting       | 2 |  2.2
Dodging        | 3 |  3.5
Charms         | 5 |  5.1
Armour         | |  0.7
Spellcasting   | |  3.0

Action                   |  1- 3 |  4- 6 |  7- 9 || total
-------------------------+-------+-------+-------++-------
Melee: Short sword       |    67 |   169 |    24 ||   260
       Unarmed           |       |     5 |       ||     5
Throw: Stone             |    53 |    73 |       ||   126
       Boomerang         |    12 |    53 |       ||    65
 Cast: Infusion          |    10 |    12 |     1 ||    23
       Regeneration      |       |     1 |     1 ||     2
  Use: Potion            |       |     7 |     3 ||    10
       Scroll            |       |     2 |       ||     2
  Eat: Chunk             |     1 |     7 |       ||     8
       Ration            |       |     1 |       ||     1
Armor: Leather armour    |    23 |    20 |       ||    43
       Ring mail         |       |    26 |    31 ||    57
       Skin              |       |     2 |       ||     2
Dodge: Dodged            |    46 |    92 |    42 ||   180
